 Dungeon Crawl Stone Soup version 0.32-a0-747-gc8563f6773 (webtiles) character file.

Game seed: 1375951087064015389

84 Dordric the Slasher (level 4, -1/33 HPs)
             Began as a Coglin Gladiator on Mar 18, 2024.
             Succumbed to a scorpion's poison
             ... on level 3 of the Dungeon.
             The game lasted 00:02:33 (2581 turns).

Dordric the Slasher (Coglin Gladiator)              Turns: 2581, Time: 00:02:33

Health: -1/33      AC:  7    Str: 14    XL:     4   Next: 46%
Magic:  4/4        EV: 10    Int:  7    God:
Gold:   154        SH:  0    Dex: 18    Spells: 3/3 levels left

rFire   . . .        a - +0 long sword {Lan}
rCold   . . .        f - +0 dagger {Harkiran}
rNeg    . . .        w - +0 ring mail
rPois   .            c - +0 helmet
rElec   .            (no cloak)
rCorr   .            (no gloves)
SInv    .            n - +0 pair of boots
Will    .....        (amulet unavailable)
Stlth   +            (ring unavailable)
HPRegen 0.25/turn    (ring unavailable)
MPRegen 0.09/turn    (no gizmo)

%: no passive effects
@: lethally poisoned (-1 -> -12), attractive, revving
A: off-hand wielding, slow wielding, warmup strikes, no jewellery
a: Invent Gizmo


You were on level 3 of the Dungeon.
You visited 1 branch of the dungeon, and saw 4 of its levels.

You collected 154 gold pieces.

Inventory:

Hand Weapons
 a - a +0 long sword (weapon) {Lan}
 f - a +0 dagger (offhand) {Harkiran}
 t - a +0 rapier {Armando}
Missiles
 d - 3 throwing nets (quivered)
 e - a javelin
 r - 3 silver javelins
Armour
 b - a +0 leather armour
 c - a +0 helmet (worn)
 n - a +0 pair of boots (worn)
 w - a +0 ring mail (worn)
Scrolls
 g - a scroll of amnesia
 i - a scroll of silence
 j - a scroll of poison
 l - a scroll of revelation
 o - a scroll of torment {unknown}
 p - a scroll of teleportation
 q - a scroll of identify
Potions
 h - a potion of attraction
 k - a potion of curing {unknown}
 m - a potion of haste {unknown}
 s - a potion of invisibility {unknown}
 u - a potion of mutation {unknown}
 v - a potion of lignification {unknown}
 x - a potion of heal wounds {unknown}


   Skills:
 - Level 2.0 Fighting
 + Level 5.1 Long Blades
 - Level 1.7 Throwing
 - Level 2.6 Dodging


You had 3 spell levels left.
You didn't know any spells.
Your spell library was empty.

Dungeon Overview and Level Annotations

Branches:
Dungeon (4/15)
 Temple: D:4-7

Altars:

Annotations:
D:3 2 runed translucent doors, soul19's ghost, weakling DsSh


Innate Abilities, Weirdness & Mutations

You can wield a second weapon in your off-hand.
It takes a long time for you to wield or remove held weapons.
Your first few attacks do less damage.
You cannot equip rings or amulets.


Message History

The scorpion stings you but does no damage.
The giant cockroach bites you but does no damage.
The ball python barely misses you. The ball python grabs you.
The ball python constricts you. The scorpion attacks as it pursues you!
The scorpion stings you.
The giant cockroach attacks as it pursues you!
The giant cockroach bites you but does no damage.
The ball python's grasp on you weakens, but your attempt to escape fails.
The ball python bites you but does no damage.
The ball python constricts you. The scorpion stings you.
You are poisoned.
The scorpion poisons you!
The giant cockroach bites you but does no damage.
The scorpion stings you.
You are more poisoned.
The scorpion poisons you!
The ball python bites you but does no damage.
The ball python constricts you. The scorpion stings you.
You are lethally poisoned!
The scorpion poisons you!
The giant cockroach bites you but does no damage.
You escape the ball python's grasp.
You feel very sick. The scorpion attacks as it pursues you!
The scorpion closely misses you. The giant cockroach barely misses you.
The scorpion closely misses you.
There is a stone staircase leading up here.
Unknown command.
You feel very sick. The ball python misses you.
The ball python barely misses you.
The giant cockroach bites you but does no damage.
The scorpion stings you.
* * * LOW HITPOINT WARNING * * *
You climb upwards.
Level annotation: 2 runed translucent doors, soul19's ghost, weakling DsSh
* * * LOW HITPOINT WARNING * * *
You feel very sick.
There is a stone staircase leading down here.
It was a potion of attraction.
You feel attractive to monsters.
You die...

#######################
#....S@Bs..............
#.############.......## #.#
##.####.# ###########.## #.# #(#
.............# ##########.####.##
####.##.####.###.......#=.......#
####.##.####.....#.###....####..#
####.........###...# #....# #..#
####.##.####.###..#####...####<.#


You could see a scorpion, a giant cockroach and a ball python.

Vanquished Creatures
  A bombardier beetle (D:3)
  A dart slug (D:2)
  An orc (D:2)
  3 ball pythons
  6 bats
  5 endoplasms
  2 giant cockroaches
  7 goblins
  3 hobgoblins (D:2)
  A quokka (D:3)
  8 frilled lizards
  5 kobolds
  3 rats
46 creatures vanquished.

Notes
Turn   | Place    | Note
-------+----------+-------------------------------------------
     0 | D:1      | Dordric the Coglin Gladiator began the quest for the Orb.
     0 | D:1      | Reached XP level 1. HP: 16/16 MP: 1/1
   181 | D:1      | Reached XP level 2. HP: 22/22 MP: 2/2
   773 | D:2      | Reached skill level 4 in Long Blades
   790 | D:2      | Reached XP level 3. HP: 24/27 MP: 3/3
  1890 | D:3      | Found a runed translucent door.
  1894 | D:3      | Noticed soul19's ghost (weakling DsSh)
  2066 | D:3      | Identified the ring of Kuibb {^Drain rF- rN+++ Will+ SInv}
  2347 | D:3      | Reached skill level 5 in Long Blades
  2347 | D:3      | Reached XP level 4. HP: 33/33 MP: 4/4
  2440 | D:3      | Found a runed translucent door.
  2568 | D:4      | Noticed a scorpion
  2569 | D:4      | Noticed a scorpion
  2581 | D:3      | Succumbed to a scorpion's poison

Illustrated notes

Levels and vault maps discovered:
D:1:      giann_wishing_wells, layout_loops_cross, corexii_leaking_fountain
D:2:      layout_loops_ring, serial_forest, infiniplex_forest_pool,
          infiniplex_forest_clump_small, infiniplex_forest_lined_corner,
          infiniplex_forest_clump_long, infiniplex_forest_lined_3,
          infiniplex_forest_zigzag_1, infiniplex_forest_straight_3,
          infiniplex_forest_end_2
D:3:      layout_loops_ring, ebering_ghost_sewer_f,
          amcnicky_mini_corridor_feature
D:4:      layout_cave_pools, mainiacjoe_overflow_chevrons,
          uniq_crazy_yiuf_cottage

Skill      XL: |  1  2  3 |
---------------+----------+-----
Long Blades    | 4 5 |  5.1
Fighting       | |  2.0
Throwing       | |  1.7
Dodging        | |  2.6

Action                     |  1- 3 |  4- 6 || total
---------------------------+-------+-------++-------
  Melee: Dagger            |    76 |    11 ||    87
         Long sword        |    83 |    12 ||    95
    Use: Scroll            |       |     5 ||     5
         Potion            |       |     1 ||     1
 Armour: Leather armour    |    47 |       ||    47
         Ring mail         |     2 |    26 ||    28
  Dodge: Dodged            |    50 |    12 ||    62

Table legend: (Time is in decaauts)
 A = Elapsed time spent in this place.
 B = Non-inter-level travel time spent in this place.
 C = Inter-level travel time spent in this place.
 D = Time resting spent in this place.
 E = Time spent auto-exploring this place.
 F = Levels seen in this place.
 G = Mean time per level.
                   A        B        C        D        E       F      G
               +--------+--------+--------+--------+--------+-----+--------+
         Total |   2587 |   2366 |    221 |      3 |   2035 |   4 |  646.8 |
       Dungeon |   2587 |   2366 |    221 |      3 |   2035 |   4 |  646.8 |
               +--------+--------+--------+--------+--------+-----+--------+

Top non-repeatable levels by time:
     D:2: 1130 daAuts
     D:1: 748 daAuts
     D:3: 695 daAuts
     D:4: 12 daAuts
